Map: Ruins of Endion

Players

Suppy - Winner!

  • Race: Zerg Zerg
  • League: Grandmaster

Pokebunny

  • Race: Terran Terran
  • League: Grandmaster

VOD

Have the link to the VOD?

Description

Time

  • Played on: April 4, 2016, 6:38 p.m.
  • Length: 9:50
Show
View Real Time Build Order
Export as new Build Order

Suppy Zerg - Winner!

Build Orders: Hatch First, Muta Ling Bane 

Get SALT Encoding   

  12  0:00  Drone  
  13  0:13  Overlord  
  13  0:18  Drone  
  14  0:31  Drone x2  
  17  0:35  Drone  
  17  0:52  Hatchery  
  17  0:56  Drone  
  17  0:59  Drone  
  18  1:07  Extractor  
  17  1:14  Spawning Pool  
  17  1:16  Drone  
  17  1:20  Drone  
  18  1:29  Drone  
  19  1:40  Overlord  
  19  1:52  Drone  
  20  2:01  Drone, Queen  
  21  2:04  Zergling x2, Queen  
  21  2:07  Metabolic Boost  
  26  2:13  Drone  
  28  2:15  Drone  
  28  2:22  Drone  
  29  2:26  Drone  
  30  2:32  Overlord  
  30  2:36  Drone  
  31  2:44  Drone  
  31  2:50  Queen  
  34  2:52  Hatchery  
  32  2:58  Drone x2  
  32  2:59  Drone  
  35  3:05  Drone  
  35  3:09  Drone  
  35  3:10  Drone x3  
  40  3:14  Overlord  
  40  3:16  Drone  
  40  3:17  Drone  
  42  3:20  Overlord  
  42  3:23  Drone  
  43  3:31  Queen  
  46  3:34  Drone  
  46  3:37  Drone  
  46  3:40  Drone  
  48  3:42  Drone x2  
  48  3:47  Drone x4, Extractor  
  53  3:50  Overlord  
  53  3:52  Lair  
  53  3:55  Extractor  
  52  3:59  Zergling x2  
  53  4:04  Queen  
  53  4:05  Drone x3  
  58  4:13  Queen  
  58  4:15  Zergling x10  
  65  4:18  Drone  
  65  4:19  Drone  
  65  4:21  Drone  
  68  4:26  Baneling Nest  
  68  4:28  Drone x3  
  70  4:36  Drone x2  
  70  4:38  Drone  
  73  4:39  Extractor  
  73  4:41  Drone x2  
  73  4:44  Overlord  
  74  4:46  Overlord  
  74  4:49  Overlord  
  74  4:54  Spire  
  74  4:55  Drone  
  74  4:57  Drone, Spore Crawler  
  74  5:01  Overlord  
  74  5:08  Drone x3  
  74  5:12  Drone  
  74  5:13  Drone x4  
  82  5:15  Extractor  
  82  5:16  Overlord, Extractor  
  82  5:18  Drone x2  
  82  5:19  Drone  
  81  5:30  Drone  
  81  5:31  Drone x5  
  81  5:34  Overlord  
  81  5:35  Centrifical Hooks  
  87  5:37  Drone  
  87  5:39  Evolution Chamber  
  87  5:40  Zergling x2, Evolution Chamber  
  85  5:44  Baneling x2  
  85  5:45  Baneling x3  
  85  5:47  Zergling x8  
  89  5:52  Hatchery  
  88  5:58  Overlord  
  88  6:01  Overlord  
  88  6:05  Drone  
  88  6:06  Mutalisk x5  
  88  6:08  Mutalisk  
  101  6:15  Mutalisk  
  101  6:16  Mutalisk  
  105  6:23  Zergling x2  
  105  6:24  Zergling x8  
  110  6:29  Zergling x6  
  108  6:41  Mutalisk x3  
  108  6:42  Mutalisk  
  114  6:48  Overlord  
  114  6:49  Zerg Flyer Weapons Level 1  
  114  6:51  Zerg Melee Weapons Level 1  
  114  6:54  Zergling x20  
  115  6:57  Baneling  
  115  6:58  Baneling x4  
  124  7:06  Zergling x12  
  130  7:11  Zergling x2  
  130  7:13  Baneling x4  
  130  7:14  Zerg Ground Armor Level 1  
  131  7:15  Zergling x2  
  131  7:16  Zergling x2  
  132  7:28  Mutalisk x2  
  126  7:32  Zergling x20  
  136  7:38  Mutalisk x2  
  136  7:43  Zergling x4  
  142  7:45  Baneling x5  
  140  7:52  Zergling x2  
  140  7:53  Zergling x4  
  140  7:55  Overlord x2  
  140  7:56  Overlord  
  143  7:59  Overlord x2  
  143  8:03  Overlord  
  143  8:07  Spine Crawler  
  142  8:16  Mutalisk x5  
  142  8:19  Zergling x2  
  155  8:20  Zergling x20  
  161  8:29  Mutalisk x2  
  165  8:36  Zergling x2  
  165  8:37  Zergling x12  
  172  8:46  Mutalisk x2  
  172  8:47  Mutalisk  
  178  8:49  Baneling  
  178  8:50  Baneling  
  178  8:55  Hatchery  
  178  8:56  Baneling x5  
  178  9:01  Zergling x12  
  178  9:02  Zergling x10  
  188  9:07  Baneling x7  
  188  9:14  Zergling x2  
  188  9:15  Zergling x8  
  189  9:18  Overlord  
Show
View Real Time Build Order
Export as new Build Order

Pokebunny Terran 

Build Orders: Command Center First (CC), Liberator Opening, MMM Bio 

Get SALT Encoding   

  12  0:00  SCV  
  13  0:13  SCV  
  14  0:18  Supply Depot  
  14  0:25  SCV  
  15  0:39  SCV  
  16  0:51  SCV  
  17  0:59  Command Center  
  17  1:05  SCV  
  18  1:13  Barracks  
  18  1:18  Refinery  
  18  1:22  SCV  
  19  1:34  SCV  
  20  1:46  SCV  
  21  2:00  Orbital Command, Marine  
  22  2:11  Orbital Command  
  22  2:18  Marine  
  23  2:30  Command Center  
  23  2:32  SCV  
  24  2:40  Factory  
  24  2:42  Barracks Reactor  
  24  2:43  SCV  
  25  2:49  SCV  
  26  2:54  Refinery  
  26  2:57  SCV  
  27  3:01  SCV  
  28  3:05  Supply Depot  
  28  3:09  SCV  
  29  3:13  SCV  
  30  3:25  Starport  
  30  3:27  SCV x2  
  30  3:31  Hellion x2  
  36  3:37  Barracks Tech Lab  
  36  3:39  SCV x2  
  38  3:41  Orbital Command  
  38  3:44  Liberator  
  38  3:45  Supply Depot  
  38  3:51  SCV  
  38  3:52  SCV  
  40  3:56  Hellion x2  
  40  4:02  Marine  
  48  4:04  SCV x2  
  50  4:10  Stimpack  
  50  4:14  SCV  
  50  4:16  SCV x2  
  53  4:20  Barracks  
  53  4:22  Barracks  
  53  4:26  SCV  
  53  4:27  Factory Reactor  
  53  4:28  SCV  
  53  4:30  Supply Depot  
  55  4:34  Refinery x2, SCV  
  55  4:37  Marine  
  55  4:38  SCV  
  58  4:45  Engineering Bay  
  58  4:46  Engineering Bay, Starport Reactor  
  58  4:48  SCV x2  
  58  4:50  SCV  
  61  4:55  Supply Depot x2  
  61  4:58  Marine  
  62  5:14  Barracks, Terran Infantry Armor Level 1, Terran Infantry Weapons Level 1  
  62  5:15  Barracks  
  62  5:16  Factory Tech Lab  
  62  5:20  Marine x2  
  62  5:21  Marine x2  
  66  5:23  Medivac  
  66  5:24  Medivac  
  66  5:25  SCV x2  
  69  5:38  SCV x2  
  72  5:44  Marine x3  
  72  5:45  Siege Tank, Marine  
  78  5:51  SCV  
  78  5:52  SCV  
  78  5:55  Orbital Command  
  80  5:59  Medivac x2  
  80  6:02  Barracks Reactor x2  
  84  6:05  Missile Turret  
  84  6:09  Marine x4  
  84  6:10  Marine  
  89  6:11  Missile Turret  
  89  6:13  Missile Turret  
  89  6:15  Supply Depot  
  89  6:17  SCV x2, Missile Turret  
  89  6:18  Supply Depot  
  91  6:20  Combat Shields  
  85  6:44  Siege Tank  
  85  6:45  Marine x5  
  93  6:49  Armory  
  93  6:50  Supply Depot  
  93  6:54  SCV x2  
  93  6:55  SCV, Medivac  
  93  6:56  Medivac  
  100  7:10  Marine  
  100  7:11  Marine x7  
  108  7:16  Siege Tank  
  108  7:17  Marine  
  108  7:21  Supply Depot x2  
  112  7:28  Marine x3  
  112  7:29  Marine x2  
  115  7:30  Marine x2  
  117  7:42  Marine x2  
  119  7:46  Marine x3  
  119  7:48  SCV x2  
  119  7:49  SCV  
  123  7:51  Refinery x2  
  123  8:02  Marine  
  123  8:03  Marine x5  
  123  8:04  Marine  
  130  8:07  Barracks, Marine  
  130  8:08  Barracks, Marine  
  130  8:11  Barracks  
  132  8:20  Marine  
  132  8:24  Marauder  
  132  8:26  Marine x2  
  129  8:27  Marine x2  
  129  8:28  Marine  
  129  8:33  Siege Tank  
  129  8:46  Marine, Marauder  
  129  8:47  Marine  
  133  8:53  Marine x3  
  133  8:57  Marine  
  133  9:02  Barracks Tech Lab x2, Barracks Reactor, Marine  
  133  9:06  Marine, Supply Depot x2  
  133  9:07  Marine  
  133  9:08  Marauder  
  130  9:15  Marine  
  130  9:16  Marine x4  
  126  9:19  Missile Turret  
  126  9:20  Marine  
  127  9:24  Marine  
  127  9:25  Marine  
Tags
 
Add a new tag
Caveats
  • Supply blocks, unpowered buildings, or Contaminate may cause inaccurate times.
  • Supply counts are checked every 10 seconds.